[Event "Titled Tuesday Blitz November 22 Early 2022"]
[White "Nanditha, V"]
[Black "Ismayil, Malak"]
[WhiteFideId "46626697"]
[BlackFideId "13412604"]
[WhiteElo "1564"]
[BlackElo "1879"]
[Result "1-0"]
[Round "04"]
[TimeControl "180+1"]
[Date "2022.11.23"]
[WhiteClock "0:00:15"]
[BlackClock "0:00:20"]

1. e4 e5 2. Nf3 Nc6 3. Nc3 Nf6 4. d4 exd4 5. Nxd4 Bc5 6. Be3 Bb6 7. Nxc6 bxc6 8. Bxb6 axb6 9. Bd3 Qe7 10. O-O O-O 11. Qf3 d6 12. h3 Nd7 13. Rae1 Ne5 14. Qg3 f6 15. f4 Ng6 16. e5 f5 17. exd6 Qxd6 18. Rd1 Qc5+ 19. Kh2 Be6 20. a3 b5 21. Rfe1 Rae8 22. Be2 b4 23. axb4 Qxb4 24. b3 Nxf4 25. Na2 Nxe2 26. Nxb4 Nxg3 27. Kxg3 c5 28. Nc6 f4+ 29. Kf2 Kf7 30. Re5 c4 31. b4 Ra8 32. Rde1 Rfe8 33. R1e4 Ra2 34. Rxe6 Rxc2+ 35. Kf3 Rc3+ 36. Kxf4 Ra8 37. Re7+ Kf8 38. Re3 Rc2 39. Rf3 Rxg2 40. Rxc7 Re8 41. Ne5 Re2 42. Ng4 R2e4+ 43. Kg3+ Kg8 44. Rff7 h5 45. Rxg7+ Kh8 46. Rh7+ Kg8 47. Nf6+ Kf8 48. Rcf7# 1-0


[Site "https://www.chess.com"]

[Event "Titled Tuesday Blitz November 22 Early 2022"]
[White "Narayanan, Srinath"]
[Black "Krzywda, Andrzej"]
[WhiteFideId "5018420"]
[BlackFideId "1114565"]
[WhiteElo "2459"]
[BlackElo "2149"]
[Result "1-0"]
[Round "04"]
[TimeControl "180+1"]
[Date "2022.11.23"]
[WhiteClock "0:01:11"]
[BlackClock "0:00:02"]

1. d4 Nf6 2. c4 e6 3. g3 d5 4. Bg2 Bb4+ 5. Bd2 Be7 6. Nf3 O-O 7. Qc2 c6 8. O-O Ne4 9. b3 f5 10. Ne5 Nd7 11. Nd3 Nxd2 12. Nxd2 Nf6 13. Rad1 Bd7 14. f3 Rc8 15. e4 fxe4 16. fxe4 Ng4 17. Rde1 Bg5 18. Rxf8+ Qxf8 19. Nf1 Qf6 20. e5 Qg6 21. Qe2 Rf8 22. Nc5 Bc8 23. Qxg4 b6 24. h4 bxc5 25. Qxg5 Qc2 26. Qe3 cxd4 27. Qxd4 Qxa2 28. cxd5 cxd5 29. Ra1 Qxb3 30. Rxa7 Qb1 31. Qc5 Qb2 32. Qc7 Qd4+ 33. Kh1 Qg4 34. Ra8 Rxf1+ 35. Bxf1 Qf3+ 36. Bg2 Qd1+ 37. Kh2 1-0


[Site "https://www.chess.com"]

[Event "Titled Tuesday Blitz November 22 Early 2022"]
[White "Nissinen, Niilo Man"]
[Black "Urbina Perez, Juan Antonio"]
[WhiteFideId "30950767"]
[BlackFideId "2217368"]
[WhiteElo "1896"]
[BlackElo "2197"]
[Result "0-1"]
[Round "04"]
[TimeControl "180+1"]
[Date "2022.11.23"]
[WhiteClock "0:00:19"]
[BlackClock "0:01:26"]

1. e4 c5 2. Nf3 e6 3. d4 cxd4 4. Nxd4 Bc5 5. Nb3 Bb6 6. Nc3 Ne7 7. Be2 O-O 8. O-O f5 9. e5 f4 10. Bf3 Nbc6 11. Re1 Ng6 12. Bxc6 bxc6 13. Nd2 Qh4 14. Qf3 Bb7 15. Re2 Rab8 16. g3 fxg3 17. Qxg3 Qh5 18. Nc4 Ba6 19. b3 Bxc4 20. bxc4 Rf3 21. Qg5 Qxg5+ 22. Bxg5 0-1


[Site "https://www.chess.com"]

[Event "Titled Tuesday Blitz November 22 Early 2022"]
[White "Nugumanov, Bakhtiyar"]
[Black "Ilkhomi, Jaloliddin"]
[WhiteFideId "13701797"]
[BlackFideId "14700948"]
[WhiteElo "2287"]
[BlackElo "2045"]
[Result "0-1"]
[Round "04"]
[TimeControl "180+1"]
[Date "2022.11.23"]
[WhiteClock "0:00:05"]
[BlackClock "0:00:13"]

1. Nf3 Nf6 2. c4 e6 3. g3 d5 4. Bg2 Be7 5. O-O O-O 6. b3 b6 7. Bb2 Bb7 8. e3 Nbd7 9. Nc3 a6 10. Qe2 Bd6 11. d3 Qe7 12. Nh4 Ba3 13. cxd5 Bxb2 14. Qxb2 exd5 15. d4 Qe6 16. Rac1 c5 17. Rfd1 Rac8 18. Nf3 Rfd8 19. Na4 h6 20. Ne5 Nxe5 21. dxe5 Nd7 22. f4 b5 23. Nc3 Nb6 24. Qf2 Ba8 25. Rd2 f6 26. exf6 Qxf6 27. h3 d4 28. Ne4 Bxe4 29. Bxe4 dxe3 30. Qxe3 Rxd2 31. Qxd2 Rd8 32. Qf2 c4 33. Bb7 c3 34. Rc2 Nd5 35. a3 Ne7 36. Qe3 Rd1+ 37. Kh2 Nf5 38. Qxc3 Qxc3 39. Rxc3 Rd2+ 40. Kg1 Ra2 41. g4 Nd4 42. Bxa6 Ne2+ 43. Kh1 Nxc3 0-1


[Site "https://www.chess.com"]

[Event "Titled Tuesday Blitz November 22 Early 2022"]
[White "Omariev, Maksim"]
[Black "Levine, David"]
[WhiteFideId "4193423"]
[BlackFideId "2011611"]
[WhiteElo "2445"]
[BlackElo "2190"]
[Result "1-0"]
[Round "04"]
[TimeControl "180+1"]
[Date "2022.11.23"]
[WhiteClock "0:01:02"]
[BlackClock "0:00:07"]

1. g4 d5 2. Bg2 c6 3. h3 e5 4. d4 e4 5. c4 f5 6. g5 dxc4 7. a4 a5 8. Nc3 Be6 9. f3 Qc7 10. fxe4 Qg3+ 11. Kf1 Be7 12. Nf3 h6 13. exf5 Bxf5 14. e4 Bd7 15. Ne2 Qc7 16. Bf4 Qb6 17. h4 hxg5 18. hxg5 Rxh1+ 19. Bxh1 Na6 20. Ne5 Bh3+ 21. Kg1 O-O-O 22. Nxc4 Qb4 23. Qc2 Nf6 24. Bd2 Nh5 25. Bxb4 Nxb4 26. Qc3 Bg4 27. Nxa5 Bxg5 28. Qxb4 1-0


[Site "https://www.chess.com"]

[Event "Titled Tuesday Blitz November 22 Early 2022"]
[White "Oparin, Grigoriy"]
[Black "Odinaev, Timur"]
[WhiteFideId "24125890"]
[BlackFideId "4163770"]
[WhiteElo "2639"]
[BlackElo "2306"]
[Result "1-0"]
[Round "04"]
[TimeControl "180+1"]
[Date "2022.11.22"]
[WhiteClock "0:02:09"]
[BlackClock "0:00:25"]

1. g3 Nf6 2. Bg2 g6 3. c4 Bg7 4. Nc3 O-O 5. Nf3 d6 6. O-O e5 7. d4 Nbd7 8. e4 c6 9. Qc2 Qb6 10. Rd1 Re8 11. h3 exd4 12. Nxd4 Nc5 13. Be3 a5 14. Nb3 Qb4 15. Nxc5 dxc5 16. Na4 Be6 17. b3 Bxc4 18. bxc4 Nxe4 19. Rab1 Qa3 20. Bxe4 1-0


[Site "https://www.chess.com"]

[Event "Titled Tuesday Blitz November 22 Early 2022"]
[White "Orzech, Dominik"]
[Black "Roque Sola, Gisela"]
[WhiteFideId "1115065"]
[BlackFideId "5120241"]
[WhiteElo "2272"]
[BlackElo "1961"]
[Result "1-0"]
[Round "04"]
[TimeControl "180+1"]
[Date "2022.11.23"]
[WhiteClock "0:01:33"]
[BlackClock "0:00:01"]

1. g3 Nf6 2. Bg2 d5 3. c4 dxc4 4. Nf3 g6 5. Na3 Bg7 6. Nxc4 O-O 7. O-O c6 8. d4 Be6 9. Nfe5 Bd5 10. f3 Nbd7 11. e4 Bxc4 12. Nxc4 Nb6 13. Ne3 Qd7 14. b3 Rad8 15. Bb2 Ne8 16. Nc2 c5 17. e5 cxd4 18. Bxd4 Nc7 19. Qe2 Ne6 20. Bf2 Qd2 21. Rfe1 Qxe2 22. Rxe2 Nd5 23. f4 Nc3 24. Re3 Nd5 25. Rd3 Ndxf4 26. Rxd8 Rxd8 27. gxf4 Nxf4 28. Ne3 Bxe5 29. Rd1 Rxd1+ 30. Nxd1 Nxg2 31. Kxg2 b6 32. h3 f5 33. Kf3 Bd6 34. Ne3 e5 35. Nc4 Bc7 36. a4 Kf7 37. b4 Ke6 38. b5 e4+ 39. Ke3 Kd5 40. Nd2 f4+ 41. Ke2 e3 42. Bxe3 fxe3 43. Kxe3 Bd8 44. Kd3 Bg5 45. Ne4 Be7 46. Nc3+ Kc5 47. Ke4 Kb4 48. Nd5+ Kxa4 49. Nxe7 Kxb5 50. h4 a5 51. Nd5 a4 52. Kd3 Kc5 53. Nf6 h6 54. Ng4 g5 55. h5 b5 56. Nxh6 b4 57. Nf5 a3 58. Kc2 Kc4 59. Nd6+ Kd5 60. h6 a2 61. Kb2 g4 62. h7 g3 63. h8=Q g2 64. Qg8+ Kxd6 65. Qxg2 1-0


[Site "https://www.chess.com"]

[Event "Titled Tuesday Blitz November 22 Early 2022"]
[White "Osinovsky, Stepan"]
[Black "Sadubayev, Airat"]
[WhiteFideId "4157354"]
[BlackFideId "13713264"]
[WhiteElo "2222"]
[BlackElo "2160"]
[Result "1-0"]
[Round "04"]
[TimeControl "180+1"]
[Date "2022.11.23"]
[WhiteClock "0:00:24"]
[BlackClock "0:00:02"]

1. Nf3 d5 2. g3 c5 3. Bg2 Nf6 4. O-O Nc6 5. d3 e6 6. Nbd2 Bd6 7. e4 dxe4 8. dxe4 O-O 9. Qe2 e5 10. c3 Bg4 11. h3 Bh5 12. Nc4 Bc7 13. a4 a6 14. Rd1 Qe7 15. Ne3 Bg6 16. Nh4 Rfd8 17. Nhf5 Bxf5 18. Nxf5 Qe6 19. Bg5 Na5 20. h4 Nb3 21. Bh3 Qe8 22. Bxf6 gxf6 23. Qe3 Qf8 24. Rxd8 Rxd8 25. Re1 Na5 26. Bf1 Kh8 27. Qf3 Nc6 28. Bc4 Bd6 29. Qh5 Qg8 30. Bxf7 Qf8 31. Rd1 Bc7 32. Rd5 Ne7 33. Rxd8 Bxd8 34. Nh6 Ng6 35. Bxg6 hxg6 36. Qxg6 Qg7 37. Qe8+ Kh7 38. Nf5 Qg8 39. Qh5# 1-0


[Site "https://www.chess.com"]

[Event "Titled Tuesday Blitz November 22 Early 2022"]
[White "Papasimakopoulos, Alexandros"]
[Black "Xu, Yi"]
[WhiteFideId "4244125"]
[BlackFideId "8605564"]
[WhiteElo "2365"]
[BlackElo "2471"]
[Result "1/2-1/2"]
[Round "04"]
[TimeControl "180+1"]
[Date "2022.11.22"]
[WhiteClock "0:00:07"]
[BlackClock "0:00:04"]

1. d4 Nf6 2. c4 e6 3. Nc3 Bb4 4. Qc2 O-O 5. a3 Bxc3+ 6. Qxc3 d5 7. Nf3 b6 8. Bg5 dxc4 9. Qxc4 Ba6 10. Qa4 Qd7 11. Qc2 c5 12. Bxf6 gxf6 13. dxc5 bxc5 14. e3 Bxf1 15. Kxf1 Qb5+ 16. Qe2 a6 17. Qxb5 axb5 18. Ke2 Nd7 19. Rhd1 Nb6 20. Rac1 Rfc8 21. Rc2 c4 22. Nd4 Rc5 23. g4 Rac8 24. h3 h5 25. Kf3 hxg4+ 26. hxg4 Nd7 27. Kg3 Ne5 28. Ne2 Nd3 29. Nf4 Nxf4 30. Kxf4 Kg7 31. Rcd2 f5 32. Rd7 fxg4 33. Kxg4 Kf6 34. R1d4 Rg8+ 35. Kf3 Rf5+ 36. Rf4 Rxf4+ 37. Kxf4 Rg1 38. Rb7 Rb1 39. Rxb5 c3 40. Rc5 Rxb2 41. Rxc3 Rxf2+ 42. Ke4 Ra2 43. Kf4 Rh2 44. Ke4 Rh4+ 45. Kf3 Ra4 46. Rb3 Kf5 47. Rb5+ e5 48. Rb3 f6 49. Rc3 Ra8 50. Rb3 Ra5 51. Rc3 e4+ 52. Kg3 Ke5 53. Rb3 f5 54. Rc3 Kd5 55. Kf4 Ke6 56. Rc6+ Ke7 57. Rc3 Kd6 58. Rb3 Ke7 59. Rb6 Rxa3 60. Rb5 Ra4 61. Rxf5 Ke6 62. Re5+ Kf6 63. Re8 Kf7 64. Rb8 Rc4 65. Kf5 Ke7 66. Rb7+ Kd6 67. Rb8 Ra4 68. Re8 Kd7 69. Re5 Rb4 70. Ra5 Ke7 71. Ra6 Kd7 72. Rh6 Ke7 73. Ke5 Kd7 74. Rh7+ Kc6 75. Rf7 Ra4 76. Re7 Rb4 77. Ra7 Rc4 78. Kf5 Kd6 79. Ra5 Ke7 80. Ke5 Kd7 81. Rd5+ Ke7 82. Kf5 Ra4 83. Re5+ Kf7 84. Kf4 Kf6 85. Rb5 Ke6 86. Rb6+ Ke7 87. Kf5 Kd7 88. Re6 Ra5+ 89. Kf6 Ra4 90. Rb6 Kd8 91. Ke6 Kc7 92. Rb5 Ra3 93. Rc5+ Kb6 94. Rc4 Rxe3 95. Kd5 Re1 96. Rxe4 Rxe4 97. Kxe4 1/2-1/2


[Site "https://www.chess.com"]

[Event "Titled Tuesday Blitz November 22 Early 2022"]
[White "Pham, Khoi"]
[Black "Goryachkina, Aleksandra"]
[WhiteFideId "1054988"]
[BlackFideId "4147103"]
[WhiteElo "2461"]
[BlackElo "2484"]
[Result "0-1"]
[Round "04"]
[TimeControl "180+1"]
[Date "2022.11.23"]
[WhiteClock "0:00:05"]
[BlackClock "0:00:13"]

1. e4 e6 2. d4 d5 3. Bd3 dxe4 4. Bxe4 Nf6 5. Bf3 Nbd7 6. Be3 Bd6 7. Ne2 e5 8. Nbc3 O-O 9. O-O Re8 10. Ng3 exd4 11. Bxd4 Ne5 12. Be2 c6 13. Re1 Bc7 14. Qd2 Ng6 15. Bc4 Be6 16. Bxe6 Rxe6 17. Rxe6 fxe6 18. Rd1 Nd5 19. Nce4 Qe7 20. c4 Ndf4 21. Bc5 Qe8 22. Nd6 Bxd6 23. Bxd6 Rd8 24. Ne4 h6 25. Qe3 Qf7 26. Re1 e5 27. b3 Nh4 28. Bxe5 Nfxg2 29. Qg3 Nxe1 30. Nf6+ Kh8 31. Nh5 Nef3+ 32. Kf1 Nxe5 33. Qxe5 Nf3 34. Qc5 Rd1+ 35. Kg2 Rd8 36. Ng3 Ng5 37. Qe3 Qe6 38. Qf4 Qf6 39. Qg4 Rf8 40. h4 Qxf2+ 41. Kh1 Qf3+ 42. Qxf3 Nxf3 43. Ne4 Nxh4 44. Nd6 b6 45. Nb7 c5 46. Nxc5 bxc5 0-1


[Site "https://www.chess.com"]

[Event "Titled Tuesday Blitz November 22 Early 2022"]
[White "Pinheiro, Iung Alicio de O."]
[Black "Rios Escobar, Adan"]
[WhiteFideId "2104350"]
[BlackFideId "3403645"]
[WhiteElo "2283"]
[BlackElo "2349"]
[Result "0-1"]
[Round "04"]
[TimeControl "180+1"]
[Date "2022.11.23"]
[WhiteClock "0:00:02"]
[BlackClock "0:00:08"]

1. d4 Nf6 2. c4 g6 3. Nc3 Bg7 4. e4 d6 5. h3 O-O 6. Be3 Nc6 7. Nge2 e5 8. d5 Nd4 9. Nxd4 exd4 10. Bxd4 Nxe4 11. Nxe4 Qh4 12. Bxg7 Qxe4+ 13. Be2 Kxg7 14. O-O Re8 15. Bd3 Qd4 16. Qc2 Bd7 17. Rae1 a5 18. b3 b6 19. a3 Rxe1 20. Rxe1 Re8 21. Rxe8 Bxe8 22. b4 axb4 23. axb4 Qa1+ 24. Kh2 Qe5+ 25. g3 h5 26. h4 Qd4 27. Kg2 Bd7 28. Be4 Ba4 29. Qd3 Qxd3 30. Bxd3 Kf6 31. f4 Ke7 32. Kf3 Bd1+ 33. Ke3 Bg4 34. Kd4 Kf6 35. c5 bxc5+ 36. bxc5 Bf5 37. Bb5 Bb1 38. Bd7 Bf5 39. Ba4 Bb1 40. Bd7 Ke7 41. Bh3 Kf6 0-1


[Site "https://www.chess.com"]

[Event "Titled Tuesday Blitz November 22 Early 2022"]
[White "Pranav, V"]
[Black "Urazayev, Arystanbek"]
[WhiteFideId "25060783"]
[BlackFideId "13709810"]
[WhiteElo "2430"]
[BlackElo "2441"]
[Result "1-0"]
[Round "04"]
[TimeControl "180+1"]
[Date "2022.11.22"]
[WhiteClock "0:01:00"]
[BlackClock "0:00:16"]

1. e4 c5 2. Nf3 Nc6 3. Bb5 e6 4. Bxc6 bxc6 5. d3 Ne7 6. O-O Ng6 7. Ng5 f6 8. Nh3 d5 9. Nc3 Ba6 10. Qe2 c4 11. exd5 e5 12. dxc6 cxd3 13. Qe4 Qd4 14. Qf5 Bc8 15. Qf3 Bg4 16. Qg3 h5 17. Nb5 Qb6 18. Qxd3 Rd8 19. Qxg6+ Ke7 20. Ng5 Qxb5 21. Qf7+ 1-0


[Site "https://www.chess.com"]

[Event "Titled Tuesday Blitz November 22 Early 2022"]
[White "Przybylski, Wojciech"]
[Black "Gardezi, Arsal"]
[WhiteFideId "1117599"]
[BlackFideId "30949521"]
[WhiteElo "2221"]
[BlackElo "1906"]
[Result "1-0"]
[Round "04"]
[TimeControl "180+1"]
[Date "2022.11.23"]
[WhiteClock "0:00:47"]
[BlackClock "0:00:20"]

1. e4 e6 2. d4 d5 3. Nc3 dxe4 4. Nxe4 Nd7 5. Bd3 b6 6. Qf3 Rb8 7. Ne2 Bb7 8. Bf4 Ngf6 9. O-O Be7 10. Rae1 O-O 11. N2c3 Nxe4 12. Bxe4 Bxe4 13. Nxe4 Nf6 14. c3 Rc8 15. Be5 c5 16. dxc5 bxc5 17. Rd1 Nd5 18. c4 f6 19. Bg3 f5 20. Nc3 f4 21. Nxd5 exd5 22. Rxd5 Qc7 23. Qe4 fxg3 24. Qe6+ Kh8 25. Rd7 gxf2+ 26. Kh1 Qc6 27. Qxe7 Rce8 28. Qxg7# 1-0


[Site "https://www.chess.com"]

[Event "Titled Tuesday Blitz November 22 Early 2022"]
[White "Rangel, Daniel"]
[Black "Csonka, Balazs"]
[WhiteFideId "2124475"]
[BlackFideId "742910"]
[WhiteElo "2225"]
[BlackElo "2404"]
[Result "0-1"]
[Round "04"]
[TimeControl "180+1"]
[Date "2022.11.23"]
[WhiteClock "0:00:09"]
[BlackClock "0:00:36"]

1. d4 Nf6 2. c4 g6 3. Nc3 Bg7 4. e4 O-O 5. Nf3 d6 6. Be2 e5 7. O-O Nc6 8. d5 Ne7 9. Bd2 Nd7 10. Ne1 f5 11. Nd3 Nf6 12. f3 f4 13. c5 g5 14. Rc1 Rf7 15. Nb5 Ng6 16. Bb4 a6 17. Na3 g4 18. cxd6 cxd6 19. Kh1 g3 20. h3 Bxh3 21. gxh3 Qd7 22. Nf2 Nh4 23. Ng4 h5 24. Kg1 hxg4 25. fxg4 Nxe4 26. Bf3 Ng5 27. Bg2 f3 28. Bd2 fxg2 29. Rxf7 Nxh3# 0-1


[Site "https://www.chess.com"]

[Event "Titled Tuesday Blitz November 22 Early 2022"]
[White "Reprintsev, Alexander"]
[Black "Hartikainen, Jarmo"]
[WhiteFideId "14100541"]
[BlackFideId "503134"]
[WhiteElo "2230"]
[BlackElo "2198"]
[Result "1-0"]
[Round "04"]
[TimeControl "180+1"]
[Date "2022.11.23"]
[WhiteClock "0:01:03"]
[BlackClock "0:00:11"]

1. e4 c5 2. b3 d5 3. exd5 Qxd5 4. Nc3 Qd8 5. Bb2 Nc6 6. Bb5 Bd7 7. Qe2 Nf6 8. O-O-O Nd4 9. Bxd7+ Qxd7 10. Qe3 e6 11. Nf3 O-O-O 12. Ne5 Qc7 13. f4 Bd6 14. Rhf1 Kb8 15. Kb1 Rc8 16. d3 Rhe8 17. Rde1 Nd5 18. Qg3 Nb4 19. Rf2 f6 20. Nc4 Nf5 21. Qg4 g6 22. Nxd6 Qxd6 23. Ne4 Qa6 24. a3 Nd5 25. Nxf6 Nxf6 26. Bxf6 Qxa3 27. Bb2 Qa5 28. Re5 Rc6 29. Qe2 Ra6 30. g4 Nd4 31. Bxd4 cxd4 32. Rxa5 1-0


[Site "https://www.chess.com"]

[Event "Titled Tuesday Blitz November 22 Early 2022"]
[White "Rosh Jain"]
[Black "Farmani Anosheh, Armin"]
[WhiteFideId "25789465"]
[BlackFideId "24613240"]
[WhiteElo "2233"]
[BlackElo "2289"]
[Result "0-1"]
[Round "04"]
[TimeControl "180+1"]
[Date "2022.11.23"]
[WhiteClock "0:01:59"]
[BlackClock "0:01:08"]

1. e4 e5 2. Nf3 Nc6 3. Bb5 a6 4. Ba4 Nf6 5. O-O Be7 6. Re1 b5 7. Bb3 O-O 8. c3 d5 9. exd5 Nxd5 10. Nxe5 Nxe5 11. Rxe5 c6 12. Bxd5 cxd5 13. d4 Bd6 14. Re1 Qh4 15. g3 Qh3 16. Qd3 Bf5 17. Qf1 Qh5 18. Be3 Bh3 19. Qe2 Bg4 20. Qf1 f5 21. f4 Rfe8 22. Nd2 Re7 23. Bf2 Rae8 24. Rxe7 Rxe7 25. Re1 Re4 26. Nxe4 fxe4 27. Be3 Bf3 28. a4 g5 29. fxg5 Bxg3 30. h3 Bxe1 0-1


[Site "https://www.chess.com"]

[Event "Titled Tuesday Blitz November 22 Early 2022"]
[White "Spalir, Monika"]
[Black "Mohammed, Dilshad"]
[WhiteFideId "14609118"]
[BlackFideId "5050421"]
[WhiteElo "2032"]
[BlackElo "2102"]
[Result "0-1"]
[Round "04"]
[TimeControl "180+1"]
[Date "2022.11.23"]
[WhiteClock "0:00:01"]
[BlackClock "0:00:46"]

1. d4 d5 2. Nf3 Nf6 3. Bf4 e6 4. e3 Bd6 5. Bg3 O-O 6. Bd3 c5 7. c3 b6 8. Nbd2 Bb7 9. Ne5 Nc6 10. f4 Ne7 11. Qf3 Nf5 12. Bf2 Be7 13. Rd1 cxd4 14. exd4 Nd6 15. O-O Nfe4 16. Bxe4 dxe4 17. Qe2 a5 18. Rfe1 f6 19. Nec4 Ba6 20. b3 f5 21. Qe3 Nxc4 22. Nxc4 Bxc4 23. bxc4 Rc8 24. d5 Bc5 25. Qe2 exd5 26. Rxd5 Bxf2+ 27. Qxf2 Qc7 28. Rd4 a4 29. Red1 Rf7 30. h3 a3 31. Kh1 Rcf8 32. Qe3 Qc5 33. Rb1 h6 34. Rb5 Qc7 35. Rbd5 Qa7 36. Re5 Qa4 37. Qe2 Qa7 38. Rdd5 Qc7 39. Re6 Rc8 40. Ree5 Qxc4 41. Re8+ Kh7 42. Qxc4 Rxc4 43. Rb8 Rxc3 44. Re5 Rc2 45. Rxb6 Rxa2 46. Ra6 Ra1+ 47. Kh2 Rd7 48. Rxf5 a2 49. Rfa5 e3 50. Kg3 e2 0-1


[Site "https://www.chess.com"]

[Event "Titled Tuesday Blitz November 22 Early 2022"]
[White "Safin, Robert"]
[Black "Aradhya, Garg"]
[WhiteFideId "34189120"]
[BlackFideId "25006746"]
[WhiteElo "2253"]
[BlackElo "2223"]
[Result "0-1"]
[Round "04"]
[TimeControl "180+1"]
[Date "2022.11.23"]
[WhiteClock "0:00:04"]
[BlackClock "0:01:55"]

1. e4 e5 2. Nf3 Nf6 3. Nxe5 d6 4. Nf3 Nxe4 5. Qe2 Qe7 6. d3 Nf6 7. Nc3 Nc6 8. Bg5 Qxe2+ 9. Bxe2 Be7 10. O-O-O Be6 11. Nb5 O-O-O 12. Nbd4 Nxd4 13. Nxd4 Bd7 14. Rhe1 h6 15. Bh4 Rde8 16. h3 c5 17. Nb3 Nd5 18. Bxe7 Rxe7 19. Bf3 Rhe8 20. Kd2 Rxe1 21. Rxe1 Rxe1 22. Kxe1 Nb4 23. Kd2 Nxa2 24. c3 Be6 25. Na1 d5 26. Kc2 d4 27. Nb3 b6 28. Be2 a5 29. cxd4 a4 30. Nd2 cxd4 31. Nf3 Nb4+ 32. Kd2 Nc6 33. Bd1 b5 0-1


[Site "https://www.chess.com"]

[Event "Titled Tuesday Blitz November 22 Early 2022"]
[White "Sailer, Mike"]
[Black "Stankovic, Ivan G"]
[WhiteFideId "2012901"]
[BlackFideId "902837"]
[WhiteElo "2109"]
[BlackElo "2226"]
[Result "1/2-1/2"]
[Round "04"]
[TimeControl "180+1"]
[Date "2022.11.23"]
[WhiteClock "0:00:17"]
[BlackClock "0:00:06"]

1. Nf3 c5 2. c4 Nc6 3. g3 g6 4. Bg2 Bg7 5. O-O e5 6. d3 Nge7 7. Nc3 O-O 8. a3 d6 9. Rb1 a5 10. Bg5 f6 11. Bd2 Rb8 12. Ne1 Be6 13. Nd5 b5 14. Nxe7+ Nxe7 15. b3 a4 16. bxa4 bxc4 17. dxc4 Bxc4 18. Nc2 Qd7 19. Ne3 Ba6 20. Nd5 Nc6 21. Re1 Rxb1 22. Qxb1 Rb8 23. Qe4 f5 24. Qh4 Qe6 25. Bh6 e4 26. Bxg7 Kxg7 27. Nc7 Qc8 28. Nxa6 Qxa6 29. f3 Qxa4 30. fxe4 Re8 31. exf5 Qxh4 32. gxh4 Nd4 33. fxg6 hxg6 34. Kf2 Nf5 35. h5 gxh5 36. Bf3 h4 37. Rb1 Ne3 38. Rb7+ Kf6 39. Rd7 Ke6 40. Rh7 Nd1+ 41. Ke1 Nb2 42. Rxh4 Rg8 43. Kd2 d5 44. Rh5 Nc4+ 45. Kc3 Ne5 46. Kd2 d4 47. Be4 Rb8 48. Bd3 Rb2+ 49. Kc1 Nxd3+ 50. exd3 Ra2 51. Rh6+ Kd5 52. Ra6 Rxh2 53. a4 c4 54. dxc4+ Kxc4 55. Rc6+ Kb4 56. Rd6 Kc3 57. Rc6+ Kd3 58. a5 Ra2 59. a6 Ra3 60. Kb2 Ra5 61. Kb3 Ke4 62. Kb4 Ra1 63. Rd6 d3 64. Kb5 Ke3 65. Kb6 d2 66. Rxd2 Kxd2 67. a7 Kd3 68. Kb7 Rb1+ 69. Kc7 Ra1 70. Kb7 Rb1+ 71. Kc7 Rc1+ 72. Kb7 Rb1+ 1/2-1/2


[Site "https://www.chess.com"]

[Event "Titled Tuesday Blitz November 22 Early 2022"]
[White "Salman, Pavel"]
[Black "Petrova, Irina"]
[WhiteFideId "24153753"]
[BlackFideId "14124122"]
[WhiteElo "2187"]
[BlackElo "2023"]
[Result "0-1"]
[Round "04"]
[TimeControl "180+1"]
[Date "2022.11.23"]
[WhiteClock "0:00:37"]
[BlackClock "0:00:34"]

1. d4 d6 2. Nc3 Nf6 3. e4 e5 4. dxe5 dxe5 5. Qxd8+ Kxd8 6. Bg5 Be6 7. O-O-O+ Nd7 8. Nf3 Bd6 9. Bxf6+ gxf6 10. Nd5 Kc8 11. Nh4 Bc5 12. f3 c6 13. Nc3 Kc7 14. g4 b5 15. Nf5 a5 16. h4 a4 17. a3 b4 18. axb4 Bxb4 19. Nb1 a3 20. Nxa3 Bxa3 21. bxa3 Rxa3 22. Bd3 Bxf5 23. exf5 h6 24. Kd2 Nc5 25. Ra1 Rha8 26. Ra2 Rxa2 27. Ke3 Nxd3 28. cxd3 R8a3 29. Rb1 Rc2 30. Rd1 Rcc3 31. Ke4 Kd6 32. Rd2 c5 33. f4 Ra4+ 34. Ke3 exf4+ 35. Kf3 Rd4 36. Ra2 Rcxd3+ 37. Ke2 Rd2+ 38. Rxd2 Rxd2+ 39. Kxd2 Ke5 40. Kd3 Kd5 41. Kc3 Ke4 42. Kc4 f3 43. g5 fxg5 0-1


[Site "https://www.chess.com"]

[Event "Titled Tuesday Blitz November 22 Early 2022"]
[White "Samaganova, Aleksandra"]
[Black "Khamdamova, Afruza"]
[WhiteFideId "13800221"]
[BlackFideId "14210444"]
[WhiteElo "1864"]
[BlackElo "2018"]
[Result "0-1"]
[Round "04"]
[TimeControl "180+1"]
[Date "2022.11.23"]
[WhiteClock "0:00:03"]
[BlackClock "0:00:22"]

1. c4 Nf6 2. Nc3 e5 3. Nf3 Nc6 4. a3 d5 5. cxd5 Nxd5 6. Qc2 Be6 7. e3 Be7 8. b4 a6 9. Bb2 O-O 10. Be2 f5 11. d3 Bf6 12. O-O Kh8 13. Rac1 Qe8 14. Na4 Rd8 15. Nc5 Bc8 16. Qb3 Qg6 17. Kh1 e4 18. Nd2 Bxb2 19. Qxb2 Nf6 20. Qb3 Ne5 21. d4 Neg4 22. Ne6 Bxe6 23. Qxe6 f4 24. Bxg4 Qxg4 25. Qxg4 Nxg4 26. Nxe4 fxe3 27. f3 Nf6 28. Nc5 e2 29. Rfe1 Rfe8 30. Nb3 Re3 31. Rb1 Nd5 32. Kg1 Nf4 33. g3 Nd3 34. Kg2 Nxe1+ 35. Rxe1 Rxb3 36. Rxe2 Rxa3 0-1


[Site "https://www.chess.com"]

[Event "Titled Tuesday Blitz November 22 Early 2022"]
[White "Sanchez, Robert"]
[Black "Ozates, Tuna"]
[WhiteFideId "2034360"]
[BlackFideId "6354521"]
[WhiteElo "2300"]
[BlackElo "2151"]
[Result "0-1"]
[Round "04"]
[TimeControl "180+1"]
[Date "2022.11.23"]
[WhiteClock "0:00:31"]
[BlackClock "0:01:08"]

1. e4 e5 2. Nf3 Nc6 3. Bb5 a6 4. Ba4 Nf6 5. d3 b5 6. Bb3 h6 7. h3 g6 8. c3 Bg7 9. O-O O-O 10. Re1 d6 11. Nbd2 Kh7 12. Nf1 Ng8 13. Bd5 Bd7 14. Ng3 f5 15. exf5 gxf5 16. Nh5 Bh8 17. a4 Nge7 18. Bb3 Na5 19. Bc2 c5 20. Ng3 Nac6 21. Bb3 d5 22. axb5 axb5 23. Rxa8 Qxa8 24. Nh4 f4 25. Nf1 Bf6 26. Nf3 c4 27. Bc2 cxd3 28. Bxd3+ e4 29. Bxe4+ dxe4 30. Qxd7 exf3 31. Bxf4 fxg2 32. Ng3 Qc8 33. Qd3+ Ng6 34. Kxg2 Kg7 35. Nh5+ Kh8 36. Bg3 Nce5 37. Qxb5 Qa8+ 38. Kf1 Qh1+ 39. Ke2 Qf3+ 40. Kf1 Qxh5 0-1


[Site "https://www.chess.com"]

[Event "Titled Tuesday Blitz November 22 Early 2022"]
[White "Sarana, Alexey"]
[Black "Zhigalko, Sergei"]
[WhiteFideId "24133795"]
[BlackFideId "13502956"]
[WhiteElo "2708"]
[BlackElo "2662"]
[Result "0-1"]
[Round "04"]
[TimeControl "180+1"]
[Date "2022.11.22"]
[WhiteClock "0:00:04"]
[BlackClock "0:00:06"]

1. c4 e5 2. Nc3 Nf6 3. Nf3 Nc6 4. g3 Bb4 5. Nd5 Ba5 6. Bg2 d6 7. O-O O-O 8. e3 Nxd5 9. cxd5 Ne7 10. d4 exd4 11. Nxd4 Nf5 12. Nc2 Re8 13. e4 Ne7 14. b4 Bb6 15. Bb2 Ng6 16. Nd4 Ne5 17. Kh1 a5 18. b5 a4 19. Rc1 Bd7 20. f4 Ng4 21. Qd3 Qf6 22. h3 Qh6 23. Kg1 Ne5 24. Qc3 Bxh3 25. Rc2 Bd7 26. Bh1 Bxb5 27. Re1 Bd7 28. Rh2 Qg6 29. Kf1 a3 30. Ba1 Ng4 31. Rh4 h5 32. Re2 Nf6 33. Bf3 Bg4 34. Bxg4 Nxg4 35. Nf5 f6 36. Qd3 Bc5 37. Kg2 Qf7 38. Kf3 Kf8 39. Rh1 g6 40. Nd4 Re7 41. Nb3 Bb6 42. Nd2 Rae8 43. Nc4 Bc5 44. Kg2 Kg8 45. Rhe1 Nh6 46. Nd2 Ng4 47. Nf3 Rf8 48. Nh4 Rfe8 49. Qc2 Nh6 50. Qb1 b6 51. Qd3 Ng4 52. Nf3 Kh7 53. Rh1 Kg8 54. Ree1 Ne3+ 55. Rxe3 Bxe3 56. Qxe3 Rxe4 57. Qc3 Re2+ 58. Kf1 Rxa2 59. Ne1 Qxd5 60. Rg1 Qb5+ 61. Nd3 Rxa1+ 62. Qxa1 Qxd3+ 63. Kg2 Re2+ 64. Kh3 Qf5+ 65. g4 hxg4+ 66. Rxg4 Re3+ 67. Kh4 Qh5# 0-1


[Site "https://www.chess.com"]